 Dungeon Crawl Stone Soup version 0.31.0-9-g3a7656b989 (webtiles) character file.

Game seed: 8104476478796809051

53 qw the Shooter (level 3, -2/20 HPs)
             Began as a Deep Elf Hunter on Feb 2, 2024.
             Slain by a hobgoblin (5 damage)
             ... on level 2 of the Dungeon.
             The game lasted 00:00:04 (813 turns).

qw the Shooter (Deep Elf Hunter)                     Turns: 813, Time: 00:00:04

Health: -2/20      AC:  3    Str: 10    XL:     3   Next: 64%
Magic:  5/5        EV: 12    Int: 13    God:
Gold:   105        SH:  0    Dex: 18    Spells: 2/2 levels left

rFire   . . .        a - +0 shortbow
rCold   . . .        (shield currently unavailable)
rNeg    . . .        c - +0 leather armour
rPois   .            (no helmet)
rElec   .            (no cloak)
rCorr   .            (no gloves)
SInv    .            (no boots)
Will    .....        (no amulet)
Stlth   ++           (no ring)
HPRegen 0.23/turn    (no ring)
MPRegen 0.09/turn

%: no passive effects
@: no status effects
A: no striking features
a: no special abilities


You were on level 2 of the Dungeon.
You visited 1 branch of the dungeon, and saw 2 of its levels.

You collected 105 gold pieces.


   Skills:
 - Level 1.5 Fighting
 + Level 7.1 Ranged Weapons
 - Level 2.4 Dodging
 - Level 1.2 Stealth


You had 2 spell levels left.
You didn't know any spells.
Your spell library was empty.

Inventory:

Hand Weapons
 a - a +0 shortbow (weapon)
Armour
 c - a +0 leather armour (worn)
Scrolls
 b - a scroll of enchant armour {unknown}
Potions
 e - a potion of degeneration {unknown}
 h - a potion of enlightenment {unknown}
 j - a potion of mutation {unknown}
 k - a potion of cancellation {unknown}
 l - a potion of haste {unknown}

Dungeon Overview and Level Annotations

Branches:
Dungeon (2/15)

Altars:
Gozag

Annotations:
D:2 Robin


Message History

You kill the goblin!
The hobgoblin hits you. The goblin closely misses you.
Robin roars a battlecry!
The goblin goes into a battle-frenzy!
A goblin comes into view. It is wielding a +0 club.
The goblin shouts!
You hear a shout!
You shoot an arrow. The arrow misses the goblin.
The arrow barely misses the rat.
You hear a shout!
The hobgoblin misses you. The goblin hits you but does no damage.
A hobgoblin comes into view.
A goblin comes into view. It is wielding a +0 club.
Robin throws the goblin at you!
A goblin comes into view. It is wielding a +0 club.
The goblin shouts!
You shoot an arrow. The arrow hits the goblin!
You kill the goblin!
The hobgoblin misses you. The rat bites you. The hobgoblin barely misses you.
The goblin closely misses you.
Robin says, "Kneel, worm!"
Robin throws the goblin at you!
You shoot an arrow. The arrow hits the goblin!
You kill the goblin!
The goblin barely misses you. The rat closely misses you.
Robin throws the goblin at you!
The hobgoblin hits you but does no damage. x2
You shoot an arrow. The arrow hits the goblin.
The goblin is severely wounded.
A jackal comes into view.
The hobgoblin misses you. The hobgoblin closely misses you.
The goblin hits you with a +0 club. The goblin barely misses you.
The rat misses you.
A quokka comes into view.
You shoot an arrow. The jackal barks!
The arrow hits the goblin but does no damage.
The goblin is severely wounded.
You hear a bark!
The hobgoblin barely misses you. The hobgoblin hits you.
You die...

###.......# #... #..
#....#####.. #
#.###....##.....
.##.####.#...<..##.##.#
.................#.##.#
...#........##....#.##.#
...#####..####......#...
..h..##.g.####....###...
......g@............ ...
......rgg..#...##.### ..
.....?.K_..#.#.##..
.........g)#.#.###.#
.......g..g# .
..........#.
......#.#...#
.....r#.#..#.


You could see Robin, a quokka, a jackal, 3 hobgoblins, 3 goblins, a kobold and a
rat.

Vanquished Creatures
  A dart slug (D:1)
  4 bats (D:1)
  4 endoplasms (D:1)
  3 giant cockroaches (D:1)
  9 goblins
  5 hobgoblins
  3 jackals (D:1)
  2 quokkas
  2 ball pythons (D:1)
  5 frilled lizards
  3 kobolds (D:1)
  4 rats (D:1)
45 creatures vanquished.

Notes
Turn   | Place    | Note
-------+----------+-------------------------------------------
     0 | D:1      | qw the Deep Elf Hunter began the quest for the Orb.
     0 | D:1      | Reached XP level 1. HP: 12/12 MP: 3/3
     0 | D:1      | 0 ||| qw: Version: 0.3-a-155-g5e7d8dd
     0 | D:1      | 0 ||| qw: Game counter: 581
     0 | D:1      | 0 ||| qw: Melee chars always use a shield: true
     0 | D:1      | 0 ||| qw: God list: Okawaru
     0 | D:1      | 0 ||| qw: Allow faded altars: false
     0 | D:1      | 0 ||| qw: Do Orc after clearing Dungeon:15 true
     0 | D:1      | 0 ||| qw: Do second Lair branch before Depths: true
     0 | D:1      | 0 ||| qw: Lair rune preference: random
     0 | D:1      | 0 ||| qw: Goals: Normal
     0 | D:1      | 0 ||| PLANNING D:1-11
   240 | D:1      | Reached skill level 6 in Ranged Weapons
   240 | D:1      | Reached XP level 2. HP: 16/16 MP: 4/4
   514 | D:1      | Reached XP level 3. HP: 20/20 MP: 5/5
   696 | D:1      | 696 ||| READING scroll labelled MOPHOCV HOHAS.
   734 | D:1      | 734 ||| READING scroll labelled FALEVV TAXTOEX.
   739 | D:1      | 739 ||| READING scroll labelled HIDYRA VUHIYTE.
   740 | D:1      | 740 ||| READING scroll labelled MOBLEW OG PEZ.
   741 | D:1      | 741 ||| DROPPING scroll of butterflies.
   764 | D:2      | Reached skill level 7 in Ranged Weapons
   786 | D:2      | Found an opulent altar of Gozag.
   802 | D:2      | Noticed Robin
   812 | D:2      | HP: 3/20 [goblin/+0 club[Robin] (3)]
   813 | D:2      | Slain by a hobgoblin

Levels and vault maps discovered:
D:1:      dpeg_cavernosity, layout_basic
D:2:      layout_rooms, basic_altar, uniq_robin

Skill      XL: |  1  2  3 |
---------------+----------+-----
Ranged Weapons | 6 7 |  7.1
Fighting       | |  1.5
Dodging        | |  2.4
Stealth        | |  1.2

Action                     || total
---------------------------++-------
   Fire: Shortbow          ||   104
    Use: Scroll            ||     4
 Armour: Leather armour    ||    27
  Dodge: Dodged            ||    35

Table legend:
 A = Non-vault XP
 B = Vault XP
 C = Vault XP percentage of total XP
 D = Non-vault monster count
 E = Vault monster count
 F = Vault count percentage of total count
                 A         B        C        D         E       F
            +---------+---------+-------+---------+---------+-------
      Total |      59 |      18 |  23.4 |      34 |      11 |  24.4
            +---------+---------+-------+---------+---------+-------
        D:1 |      54 |       7 |  11.5 |      31 |       4 |  11.4
        D:2 |       5 |      11 |  68.8 |       3 |       7 |  70.0
            +---------+---------+-------+---------+---------+-------
